 Dungeon Crawl Stone Soup version 0.23-a0-169-gb21e69520c (webtiles) character file.

2982 PikkenKukken the Insei (level 9, -1/69 HPs)
             Began as a Demonspawn Monk on Sept 12, 2018.
             Was an Elder of Okawaru.
             Slain by Gastronok (12 damage)
             ... on level 8 of the Dungeon.
             The game lasted 00:12:21 (7959 turns).

PikkenKukken the Insei (Demonspawn Monk)            Turns: 7959, Time: 00:12:22

Health: -1/69      AC:  8    Str: 14    XL:     9   Next: 53%
Magic:  12/13      EV: 15    Int: 12    God:    Okawaru [****..]
Gold:   363        SH: 11    Dex: 20    Spells: 8/8 levels left

rFire    + . .     SeeInvis .     - Unarmed
rCold    . . .     Gourm    .   u - +0 shield
rNeg     . . .     Faith    .   i - +0 scale mail
rPois    .         Spirit   .   (helmet restricted)
rElec    .         Reflect  .   (no cloak)
rCorr    .         Harm     .   (gloves unavailable)
MR       .....                  (no boots)
Stlth    ++........             (no amulet)
HPRegen  0.21/turn              v - +4 ring of dexterity
MPRegen  0.13/turn              q - ring of protection from fire

@: heroism, slowed, very slow
A: claws 3, hooves 2, horns 1
a: Heroism, Renounce Religion


You were on level 8 of the Dungeon.
You worshipped Okawaru.
Okawaru was greatly pleased with you.
You were not hungry.

You visited 2 branches of the dungeon, and saw 9 of its levels.

You collected 363 gold pieces.

Inventory:

Armour
 a - a +1 robe
 i - a +0 scale mail (worn)
 u - a +0 shield (worn)
Jewellery
 q - a ring of protection from fire (right claw)
 v - a +4 ring of dexterity (left claw)
Wands
 c - a wand of iceblast (8)
Scrolls
 j - 2 scrolls of identify
 l - 4 scrolls of remove curse
 p - 2 scrolls of amnesia
 r - a scroll of teleportation
Potions
 b - 3 potions of cancellation
 d - 4 potions of heal wounds
 f - 2 potions of mutation {unknown}
 g - 3 potions of curing
 h - 2 potions of ambrosia
 k - a potion of agility {unknown}
 m - 2 potions of flight {unknown}
 n - 3 potions of brilliance
 o - a potion of might {unknown}
 s - a potion of invisibility {unknown}
Comestibles
 e - 19 rations
 t - 4 chunks of flesh


   Skills:
 + Level 6.1(11.1) Fighting
 + Level 4.8(9.8) Armour
 + Level 5.6(10.6) Dodging
 - Level 1.7(6.7) Stealth
 + Level 2.3(7.3) Shields
 * Level 7.6(12.6) Unarmed Combat
 + Level 5.6 Invocations


You had 8 spell levels left.
You didn't know any spells.
Your spell library contained the following spells:

 Spells                   Type           Power        Failure   Level  Hunger
 Animate Skeleton         Necr           N/A          96%         1    ##.....
 Apportation              Tloc           #.....       96%         1    ##.....
 Confusing Touch          Hex            #.....       96%         1    ##.....
 Summon Small Mammal      Summ           #...         96%         1    ##.....
 Call Imp                 Summ           #.......     99%         2    ###....
 Call Canine Familiar     Summ           #.......     100%        3    ####...
 Summon Guardian Golem    Hex/Summ       #.......     100%        3    ####...
 Summon Ice Beast         Ice/Summ       #.......     100%        4    #####..
 Summon Lightning Spire   Summ/Air       #.......     100%        4    #####..


Dungeon Overview and Level Annotations

Branches:
Dungeon (8/15)             Temple (1/1) D:4
   Lair: D:8-11

Altars:
Cheibriados
Dithmenos
Kikubaaqudgha
Makhleb
Nemelex Xobeh
Okawaru
Ru
Uskayaw
Zin

Annotations:
D:8 Gastronok


Innate Abilities, Weirdness & Mutations

You have claws for hands.
You have hoof-like feet.
You have a pair of small horns on your head.


Message History

You feel yourself slow down.
You claw Gastronok!
Gastronok is moderately wounded.
The jackal zombie misses you.
You mangle Gastronok!!
Gastronok is heavily wounded.
You block the jackal zombie's attack. Gastronok bites you!!
The jackal zombie misses you.
You scratch Gastronok but do no damage. You kick Gastronok.
Gastronok is heavily wounded.
You block the jackal zombie's attack. Gastronok bites you!!
* * * LOW HITPOINT WARNING * * *
You claw Gastronok! You headbutt Gastronok!
Gastronok is severely wounded.
You block the jackal zombie's attack.
The jackal zombie bites you but does no damage.
You mangle Gastronok!! You kick Gastronok! You headbutt Gastronok.
Gastronok is almost dead.
You block the jackal zombie's attack. Gastronok bites you!
You die...

#.#.......
##...###.###
####...........
######....##.###.###
..........##.#
#........##.#
...####.####.# ##.##
#.# #..@# #.#
#...Zw......
........$...###
######.###### ###


You could see Gastronok and a jackal zombie.

Vanquished Creatures
  Grinder (D:6)
  A hippogriff (D:8)
  A wyvern (D:6)
  3 ice beasts
  A necrophage (D:8)
  A sky beast (D:8)
  6 ogres
  A centaur (D:3)
  3 big kobolds
  A bullfrog (D:8)
  A jelly (D:5)
  A scorpion (D:7)
  2 howler monkeys
  3 crimson imps
  3 hounds
  3 bullfrog skeletons
  An orc priest (D:4)
  5 orc wizards
  3 iguanas
  5 worker ants
  A killer bee zombie (D:5)
  A hound zombie (D:5)
  A worker ant zombie (D:6)
  4 gnolls (D:7)
  9 adders
  A shadow imp (D:7)
  An ooze (D:2)
  2 adder zombies (D:5)
  An adder skeleton (D:8)
  5 worms
  2 dart slugs
  6 leopard geckos
  20 orcs
  4 giant cockroaches (D:2)
  4 goblins
  4 hobgoblins
  7 jackals (D:2)
  18 kobolds
  7 quokkas
  2 ball pythons
  4 bats
  2 frilled lizards
  A leopard gecko skeleton (D:7)
  A quokka skeleton (D:4)
  13 rats
167 creatures vanquished.

Notes
Turn   | Place    | Note
-------+----------+-------------------------------------------
     0 | D:1      | PikkenKukken the Demonspawn Monk began the quest for the
                  | Orb.
     0 | D:1      | Reached XP level 1. HP: 18/18 MP: 1/1
   313 | D:1      | Gained mutation: You have sharp fingernails. [demonic
                  | ancestry]
   313 | D:1      | Reached XP level 2. HP: 24/24 MP: 2/2
   346 | D:1      | Reached skill level 3 in Unarmed Combat
   893 | D:1      | Gained mutation: You have very sharp fingernails. [demonic
                  | ancestry]
   893 | D:1      | Reached XP level 3. HP: 17/29 MP: 3/3
  1107 | D:2      | Reached skill level 1 in Armour
  1499 | D:2      | Gained mutation: You have claws for hands. [demonic
                  | ancestry]
  1499 | D:2      | Reached XP level 4. HP: 35/35 MP: 4/4
  2180 | D:3      | Noticed a centaur
  2198 | D:3      | Killed a centaur
  2198 | D:3      | Reached skill level 4 in Unarmed Combat
  2198 | D:3      | Reached XP level 5. HP: 24/42 MP: 5/5
  2551 | D:3      | Found an ancient bone altar of Kikubaaqudgha.
  2645 | D:3      | Noticed an ogre
  2668 | D:3      | Killed an ogre
  2668 | D:3      | Gained mutation: You have large cloven feet. [demonic
                  | ancestry]
  2668 | D:3      | Reached XP level 6. HP: 37/48 MP: 6/6
  2747 | D:3      | Found a glowing silver altar of Zin.
  2851 | D:4      | Found a staircase to the Ecumenical Temple.
  2874 | Temple   | Entered the Ecumenical Temple
  2883 | Temple   | Became a worshipper of Warmaster Okawaru
  2883 | Temple   | Reached * piety under Okawaru
  2883 | Temple   | Reached ** piety under Okawaru
  2989 | D:4      | Found a sacrificial altar of Ru.
  3126 | D:4      | Reached skill level 1 in Invocations
  3657 | D:4      | Reached skill level 5 in Unarmed Combat
  3694 | D:5      | Entered Level 5 of the Dungeon
  3726 | D:5      | Gained mutation: You have a pair of small horns on your
                  | head. [demonic ancestry]
  3726 | D:5      | Reached XP level 7. HP: 47/55 MP: 7/7
  3781 | D:5      | Found a shadowy altar of Dithmenos.
  4432 | D:5      | Found a hide-covered altar of Uskayaw.
  4479 | D:5      | Reached *** piety under Okawaru
  4479 | D:5      | Gained mutation: You have hoof-like feet. [demonic
                  | ancestry]
  4479 | D:5      | Reached XP level 8. HP: 51/61 MP: 10/10
  4531 | D:5      | Reached skill level 5 in Fighting
  4611 | D:5      | Reached skill level 6 in Unarmed Combat
  5275 | D:6      | Noticed Grinder
  5283 | D:6      | Paralysed by Grinder for 7 turns
  5291 | D:6      | Killed Grinder
  5425 | D:6      | Reached skill level 5 in Dodging
  5719 | D:6      | Reached **** piety under Okawaru
  5719 | D:6      | Reached skill level 1 in Shields
  6441 | D:7      | Reached XP level 9. HP: 69/69 MP: 12/12
  6491 | D:7      | Reached skill level 7 in Unarmed Combat
  7101 | D:7      | Reached skill level 5 in Invocations
  7319 | D:7      | Found a snail-covered altar of Cheibriados.
  7950 | D:8      | Noticed Gastronok
  7959 | D:8      | Slain by Gastronok

Vault maps used:
D:1:      giann_wishing_wells
D:2:      first_ration, serial_forest, infiniplex_forest_end_1,
          infiniplex_forest_straight_2, infiniplex_forest_lined_3,
          infiniplex_forest_straight_1, infiniplex_forest_clump_large,
          infiniplex_forest_clump_diagonal, infiniplex_forest_clump_double,
          infiniplex_forest_lined_2, grunt_ministairs_3, columned_hall_lemuel
D:3:      marbit_many_paths, old_standard_altar
D:4:      minmay_temple_entry_mist, minmay_misc_feat_roman,
          nicolae_ru_awakened_eye
D:5:      cheibrodos_thug_alley, old_standard_altar, kennysheep_little_box
D:6:      uniq_grinder
D:7:      cheibrodos_helix_gallery, grunt_ogre_cave, chei_slow_surprise
D:8:      enter_ossuary_2, serial_shops, nicolae_shop_statue_plus, minmay_holes,
          nicolae_two_hexagons, uniq_gastronok
Temple:   compressed_dpeg_circular_temple

Skill      XL: |  1  2  3  4  5  6  7  8  9 |
---------------+----------------------------+-----
Unarmed Combat | 3 4 5 6 7 |  7.6
Dodging        | 3 4 5 |  5.6
Armour         | 1 2 3 4 |  4.8
Fighting       | 4 5 6 |  6.1
Invocations    | 1 3 4 5 |  5.6
Shields        | 1 2 |  2.3
Stealth        | |  1.7

Action                   |  1- 3 |  4- 6 |  7- 9 || total
-------------------------+-------+-------+-------++-------
Melee: Unarmed           |   112 |   188 |   250 ||   550
       Punch             |     1 |     5 |     1 ||     7
       Kick              |       |    23 |    71 ||    94
       Headbutt          |       |       |    40 ||    40
Invok: Heroism           |       |       |     6 ||     6
  Use: Scroll            |     5 |     6 |     4 ||    15
 Stab: Sleeping          |     1 |       |       ||     1
  Eat: Chunk             |     2 |     7 |    10 ||    19
       Ration            |       |       |     1 ||     1
Armor: Robe              |     2 |       |       ||     2
       Scale mail        |    64 |    79 |    70 ||   213
Dodge: Dodged            |    82 |    96 |    84 ||   262
Block: Shield            |       |       |    53 ||    53

Table legend:
 A = Non-vault XP
 B = Vault XP
 C = Vault XP percentage of total XP
 D = Non-vault monster count
 E = Vault monster count
 F = Vault count percentage of total count
                 A         B        C        D         E       F
            +---------+---------+-------+---------+---------+-------
      Total |    3615 |     646 |  15.2 |     148 |      19 |  11.4
            +---------+---------+-------+---------+---------+-------
        D:1 |      37 |       0 |   0.0 |      15 |       0 |   0.0
        D:2 |     125 |       4 |   3.1 |      31 |       2 |   6.1
        D:3 |     283 |       2 |   0.7 |      21 |       1 |   4.5
        D:4 |     280 |       0 |   0.0 |      15 |       0 |   0.0
        D:5 |     771 |     212 |  21.6 |      20 |      11 |  35.5
        D:6 |     669 |     272 |  28.9 |      13 |       1 |   7.1
        D:7 |     582 |     156 |  21.1 |      19 |       4 |  17.4
        D:8 |     868 |       0 |   0.0 |      14 |       0 |   0.0
            +---------+---------+-------+---------+---------+-------
